 Dungeon Crawl Stone Soup version 0.26-a0-547-g695e311587 (webtiles) character file.

Game seed: 12492345353571875605

97 Mitsuki the Shield-Bearer (level 4, 14/41 HPs)
             Began as a Minotaur Fighter on Aug 20, 2020.
             Quit the game on level 3 of the Dungeon.
             The game lasted 00:03:41 (1569 turns).

Mitsuki the Shield-Bearer (Minotaur Fighter)        Turns: 1569, Time: 00:03:42

Health: 14/41      AC:  3    Str: 21    XL:     4   Next: 42%
Magic:  3/3        EV:  8    Int:  6    God:
Gold:   101        SH: 10    Dex:  9    Spells: 3/3 levels left

rFire    . . .     SeeInvis .   a - +0 long sword
rCold    . . .     Faith    .   c - +1 kite shield
rNeg     . . .     Spirit   .   n - +0 leather armour (curse)
rPois    .         Reflect  .   (helmet restricted)
rElec    .         Harm     .   (no cloak)
rCorr    .                      (no gloves)
MR       .....                  (no boots)
Stlth    +.........             (no amulet)
HPRegen  0.13/turn              (no ring)
MPRegen  0.08/turn              (no ring)

@: lethally poisoned (14 -> -8), stab
A: retaliatory headbutt, horns 2
a: no special abilities


You were on level 3 of the Dungeon.
You visited 1 branch of the dungeon, and saw 3 of its levels.

You collected 101 gold pieces.

Inventory:

Hand Weapons
 a - a +0 long sword (weapon)
Armour
 b - a cursed +0 pair of boots
 c - a +1 kite shield (worn)
 h - a +0 plate armour
 n - a cursed +0 leather armour (worn)
Scrolls
 i - a scroll of fear
 k - 2 scrolls of identify
Potions
 d - 2 potions of might
 g - 2 potions of brilliance


   Skills:
 + Level 4.4 Fighting
 + Level 3.5 Long Blades
 + Level 4.4 Armour
 + Level 4.4 Shields


You had 3 spell levels left.
You didn't know any spells.
Your spell library was empty.

Dungeon Overview and Level Annotations

Branches:
Dungeon (3/15)

Altars:
Qazlal


Innate Abilities, Weirdness & Mutations

You reflexively headbutt those who attack you in melee.
You have a pair of horns on your head.


Message History

The orc wizard is severely wounded.
You feel very sick.
The orc wizard casts a spell.
The orc wizard blinks!
You take 3 damage, and have 22/41 hp.
You slash the orc!
You kill the orc!
You feel very sick. You block the orc's attack.
You take 3 damage, and have 19/41 hp.
You are too injured to fight recklessly!
You feel sick.
You take 2 damage, and have 17/41 hp.
It was a potion of stabbing.
You feel ready to backstab.
You feel very sick.
You take 3 damage, and have 14/41 hp.
Are you sure you want to abandon this character and quit the game? (Confirm with "yes".)
Okay, then.
Are you sure you want to abandon this character and quit the game? (Confirm with "yes".)

#.# #.# #.# #.#
#.## #..### ##..o#
###o########..
#.)#@......#
.#####o..#######
....##..##
........o##
.###.###..## .. #)#
#†..#
....###'###.#.####
#.###_††.........
....###'###........


You could see an orc wizard and an orc.

Vanquished Creatures
  2 adders
  An ooze (D:3)
  A worm (D:2)
  5 dart slugs
  2 orcs (D:3)
  A ball python (D:1)
  4 giant cockroaches
  4 goblins
  3 hobgoblins
  13 jackals
  3 kobolds
  A quokka (D:3)
  7 bats
  4 frilled lizards
  4 rats
55 creatures vanquished.

Notes
Turn   | Place    | Note
-------+----------+-------------------------------------------
     0 | D:1      | Mitsuki the Minotaur Fighter began the quest for the Orb.
     0 | D:1      | Reached XP level 1. HP: 19/19 MP: 0/0
    28 | D:1      | Reached XP level 2. HP: 17/27 MP: 1/1
   549 | D:1      | Reached XP level 3. HP: 33/33 MP: 2/2
  1109 | D:2      | Reached XP level 4. HP: 38/40 MP: 3/3
  1437 | D:3      | Found a stormy altar of Qazlal.
  1569 | D:3      | Quit the game

Illustrated notes

Levels and vault maps discovered:
D:1:      minmay_arrival_arboretum_small, layout_rooms
D:2:      layout_rooms
D:3:      layout_rooms, lemuel_doored_altar, nemelex_diamond_rough_becter

Skill      XL: |  1  2 |
---------------+-------+-----
Shields        | 4 |  4.4
Armour         | 4 |  4.4
Fighting       | 4 |  4.4
Long Blades    | 3 |  3.5

Action                   |  1- 3 |  4- 6 || total
-------------------------+-------+-------++-------
Melee: Long sword        |   111 |    42 ||   153
       Headbutt          |    17 |    10 ||    27
  Use: Scroll            |       |     8 ||     8
       Potion            |       |     1 ||     1
Armor: Scale mail        |    71 |       ||    71
       Leather armour    |       |     7 ||     7
Dodge: Dodged            |    32 |     8 ||    40
Block: Kite shield       |    79 |    29 ||   108
       Rpst.: Long sword |    15 |     3 ||    18

Table legend: (Time is in decaauts)
 A = Elapsed time spent in this place.
 B = Non-inter-level travel time spent in this place.
 C = Inter-level travel time spent in this place.
 D = Time resting spent in this place.
 E = Time spent auto-exploring this place.
 F = Levels seen in this place.
 G = Mean time per level.
                   A        B        C        D        E       F      G
               +--------+--------+--------+--------+--------+-----+--------+
         Total |   1619 |   1587 |     32 |      6 |   1211 |   3 |  539.7 |
       Dungeon |   1619 |   1587 |     32 |      6 |   1211 |   3 |  539.7 |
               +--------+--------+--------+--------+--------+-----+--------+

Top non-repeatable levels by time:
     D:1: 731 daAuts
     D:2: 665 daAuts
     D:3: 221 daAuts
